TOP OF THE 1ST |
State College Spikes batting - Pitching for Brooklyn Cyclones : RHP Jonathan Colyer
|
Pitching: RHP Jonathan Colyer
|
|
Batting: RHB Ricky Yerzy
|
0-0: Bunt missed! 0-1: Ball 1-1: Ball 2-1: Ball 3-1: Called Strike 3-2: Foul Ball, location: 2F 3-2: SINGLE (Line Drive, 9S, EV 107.5 MPH)
|
Batting: RHB Pat Scaturro
|
0-0: Called Strike Ricky Yerzy steals 2nd, throwing error, E2 Ricky Yerzy to third 0-1: Fly out, F8 (Flyball, 78S, EV 96.9 MPH) Runner from 3rd tags up, SCORES, throw by CF
|
Batting: LHB Ken Morehead
|
0-0: Called Strike 0-1: SINGLE (Groundball, 3D, EV 96.2 MPH)
|
Batting: RHB Sam Daw
|
0-0: Ball 1-0: SINGLE (Groundball, 6MD, EV 101.2 MPH) Ken Morehead to second
|
Batting: RHB Chris Norris
|
0-0: Called Strike 0-1: Foul Ball, location: 2F 0-2: Ball 1-2: Ball 2-2: TRIPLE (Line Drive, 89XD, EV 98.8 MPH) Ken Morehead scores Sam Daw scores
|
Batting: SHB Bobby Mercado
|
0-0: Called Strike 0-1: Fly out, F7 (Flyball, 7D, EV 93.8 MPH) Runner from 3rd tags up, SCORES, no throw by LF
|
Batting: LHB Ken Compton
|
0-0: Foul Ball, location: 2F 0-1: Foul Ball, location: 2F 0-2: Ball 1-2: DOUBLE (Line Drive, 7LM, EV 106.9 MPH)
|
Batting: RHB Ben Politi
|
0-0: Called Strike 0-1: Ball 1-1: Ground out 6-3 (Groundball, 6, EV 87.5 MPH)
|
Top of the 1st over - 4 runs, 5 hits, 1 error, 1 left on base; State College 4 - Brooklyn 0 |
BOTTOM OF THE 1ST |
Brooklyn Cyclones batting - Pitching for State College Spikes : RHP Ricky Yerzy
|
Pitching: RHP Ricky Yerzy
|
|
Batting: LHB Elmo Dreier
|
0-0: Ground out U3 (Groundball, 13, EV 88.8 MPH)
|
Batting: RHB Jack Nickleberry
|
0-0: Called Strike 0-1: Fly out, F8 (Line Drive, 8LD, EV 97.5 MPH)
|
Batting: LHB Miguel Ramos
|
0-0: Ball 1-0: Ball 2-0: DOUBLE (Groundball, 3L, EV 105.0 MPH)
|
Batting: RHB Frank Shaw
|
0-0: Ball 1-0: Called Strike 1-1: SINGLE (Groundball, 6MD, EV 106.2 MPH) Miguel Ramos to third Runner from 3rd tries for Home, SAFE, throw by CF to home
|
Batting: RHB Matt Tittle
|
0-0: Called Strike 0-1: Foul Ball, location: 2F 0-2: Foul Ball, location: 2F 0-2: Ball 1-2: Strikes out swinging
|
Bottom of the 1st over - 1 run, 2 hits, 0 errors, 1 left on base; State College 4 - Brooklyn 1 |
TOP OF THE 2ND |
State College Spikes batting - Pitching for Brooklyn Cyclones : RHP Jonathan Colyer
|
Batting: RHB Tim Cleary
|
0-0: Called Strike 0-1: Swinging Strike 0-2: Strikes out swinging
|
Batting: RHB Ricky Yerzy
|
0-0: Ball 1-0: Called Strike 1-1: Foul Ball, location: 2F 1-2: Ball 2-2: Ball 3-2: TRIPLE (Flyball, 8RXD, EV 90.0 MPH)
|
Batting: RHB Pat Scaturro
|
0-0: Ball 1-0: Called Strike 1-1: Foul Ball, location: 2F 1-2: Ground out 4-3 (Groundball, 4, EV 85.0 MPH) Ricky Yerzy scores
|
Batting: LHB Ken Morehead
|
0-0: Swinging Strike 0-1: Ball 1-1: Foul Ball, location: 2F 1-2: Foul Ball, location: 2F 1-2: Ball 2-2: Strikes out looking
|
Top of the 2nd over - 1 run, 1 hit, 0 errors, 0 left on base; State College 5 - Brooklyn 1 |
BOTTOM OF THE 2ND |
Brooklyn Cyclones batting - Pitching for State College Spikes : RHP Ricky Yerzy
|
Batting: SHB Ryan Brown
|
0-0: Ball 1-0: Ball 2-0: Foul Ball, location: 2F 2-1: Foul Ball, location: 2F 2-2: Strikes out swinging
|
Batting: RHB Roberto Delgado
|
0-0: Called Strike 0-1: Swinging Strike 0-2: Ball 1-2: Strikes out swinging
|
Batting: RHB Tom Primmer
|
0-0: Swinging Strike 0-1: Foul Ball, location: 2F 0-2: Ball 1-2: Ball 2-2: Strikes out swinging
|
Bottom of the 2nd over - 0 runs, 0 hits, 0 errors, 0 left on base; State College 5 - Brooklyn 1 |
TOP OF THE 3RD |
State College Spikes batting - Pitching for Brooklyn Cyclones : RHP Jonathan Colyer
|
Batting: RHB Sam Daw
|
0-0: Called Strike 0-1: Ball 1-1: Ball 2-1: Ground out 6-3 (Groundball, 6, EV 85.6 MPH)
|
Batting: RHB Chris Norris
|
0-0: Called Strike 0-1: Ball 1-1: Swinging Strike 1-2: Ground out 6-3 (Groundball, 6, EV 80.0 MPH)
|
Batting: SHB Bobby Mercado
|
0-0: Ball 1-0: Ball 2-0: Ball 3-0: Called Strike 3-1: SINGLE (Flyball, 34D, EV 98.1 MPH)
|
Pitching: RHP Brett Cooke
|
|
Batting: LHB Ken Compton
|
0-0: Fly out, F7 (Flyball, 7LS, EV 86.9 MPH)
|
Top of the 3rd over - 0 runs, 1 hit, 0 errors, 1 left on base; State College 5 - Brooklyn 1 |
BOTTOM OF THE 3RD |
Brooklyn Cyclones batting - Pitching for State College Spikes : RHP Ricky Yerzy
|
Batting: RHB Trent Hood
|
0-0: Called Strike 0-1: Ball 1-1: DOUBLE (Groundball, 5L, EV 107.5 MPH)
|
Batting: LHB Elmo Dreier
|
0-0: Ball 1-0: Called Strike 1-1: Ball 2-1: Ball 3-1: Foul Ball, location: 2F 3-2: Strikes out swinging
|
Batting: RHB Jack Nickleberry
|
0-0: Called Strike 0-1: Ball 1-1: Ball 2-1: DOUBLE (Line Drive, 7LS, EV 95.6 MPH) Trent Hood scores
|
Batting: LHB Miguel Ramos
|
0-0: Swinging Strike 0-1: Ball 1-1: Fly out, F7 (Line Drive, 7D, EV 97.5 MPH)
|
Batting: RHB Frank Shaw
|
0-0: Ball 1-0: TRIPLE (Line Drive, 89XD, EV 108.8 MPH) Jack Nickleberry scores
|
Batting: RHB Matt Tittle
|
0-0: Ball 1-0: SINGLE (Groundball, 6MS, EV 95.6 MPH) Frank Shaw scores
|
Batting: SHB Ryan Brown
|
0-0: Ball 1-0: Swinging Strike 1-1: Foul Ball, location: 2F 1-2: Ball 2-2: Strikes out looking
|
Bottom of the 3rd over - 3 runs, 4 hits, 0 errors, 1 left on base; State College 5 - Brooklyn 4 |
TOP OF THE 4TH |
State College Spikes batting - Pitching for Brooklyn Cyclones : RHP Brett Cooke
|
Batting: RHB Ben Politi
|
0-0: Foul Ball, location: 2F 0-1: Swinging Strike 0-2: Ball 1-2: Strikes out swinging
|
Batting: RHB Tim Cleary
|
0-0: Ball 1-0: Called Strike 1-1: Ball 2-1: Ball 3-1: Base on Balls
|
Batting: RHB Ricky Yerzy
|
0-0: Called Strike 0-1: Called Strike 0-2: Ball 1-2: Ball 2-2: Ball Tim Cleary is caught stealing 2nd base 2-4 3-2: Foul Ball, location: 2F 3-2: Base on Balls
|
Batting: RHB Pat Scaturro
|
0-0: Called Strike 0-1: Ball 1-1: Ball Ricky Yerzy steals 2nd base 2-1: Foul Ball, location: 2F 2-2: Ball 3-2: Foul Ball, location: 2F 3-2: SINGLE (Groundball, 6MD, EV 105.6 MPH) Ricky Yerzy to third Runner from 3rd tries for Home, throw by CF and OUT! 8-2
|
Top of the 4th over - 0 runs, 1 hit, 0 errors, 1 left on base; State College 5 - Brooklyn 4 |
BOTTOM OF THE 4TH |
Brooklyn Cyclones batting - Pitching for State College Spikes : RHP Ricky Yerzy
|
Batting: RHB Roberto Delgado
|
0-0: Ball 1-0: Foul Ball, location: 2F 1-1: Swinging Strike 1-2: Ball 2-2: Strikes out swinging
|
Batting: RHB Tom Primmer
|
0-0: Ball 1-0: Ground out 6-3 (Groundball, 6, EV 105.6 MPH)
|
Batting: RHB Trent Hood
|
0-0: Called Strike 0-1: Fly out, F9 (Line Drive, 9, EV 95.0 MPH)
|
Bottom of the 4th over - 0 runs, 0 hits, 0 errors, 0 left on base; State College 5 - Brooklyn 4 |
TOP OF THE 5TH |
State College Spikes batting - Pitching for Brooklyn Cyclones : RHP Brett Cooke
|
Batting: LHB Ken Morehead
|
0-0: DOUBLE (Line Drive, 89D, EV 107.5 MPH)
|
Batting: RHB Sam Daw
|
0-0: Foul Ball, location: 2F 0-1: Ball 1-1: Swinging Strike 1-2: Ball 2-2: Ball 3-2: Strikes out swinging
|
Batting: RHB Chris Norris
|
0-0: Ball 1-0: 2-RUN HOME RUN (Line Drive, 8LXD, EV 107.5 MPH), Distance : 454 ft
|
Batting: SHB Bobby Mercado
|
0-0: Swinging Strike 0-1: Ball 1-1: Foul Ball, location: 2F 1-2: Ball 2-2: SOLO HOME RUN (Flyball, 9D, EV 106.2 MPH), Distance : 388 ft
|
Pitching: RHP Todd Cox
|
|
Batting: LHB Ken Compton
|
0-0: Ball 1-0: Foul Ball, location: 2F 1-1: Ball 2-1: Ball 3-1: Ground out U3 (Groundball, 13, EV 82.5 MPH)
|
Batting: RHB Ben Politi
|
0-0: Ground out 3-1 (Groundball, 34, EV 79.4 MPH)
|
Top of the 5th over - 3 runs, 3 hits, 0 errors, 0 left on base; State College 8 - Brooklyn 4 |
BOTTOM OF THE 5TH |
Brooklyn Cyclones batting - Pitching for State College Spikes : RHP Ricky Yerzy
|
Batting: LHB Elmo Dreier
|
0-0: Ball 1-0: Ball 2-0: Swinging Strike 2-1: TRIPLE (Flyball, 8RXD, EV 106.2 MPH)
|
Batting: RHB Jack Nickleberry
|
0-0: Ball 1-0: Ball 2-0: Called Strike 2-1: Ball 3-1: Ground out 1-3 (Groundball, P, EV 71.2 MPH)
|
Batting: LHB Miguel Ramos
|
0-0: Ball 1-0: DOUBLE (Flyball, 78XD, EV 101.2 MPH) Elmo Dreier scores
|
Pinch Runner at 2nd Salvador Gomez:
|
|
Batting: RHB Frank Shaw
|
0-0: Called Strike 0-1: Ball 1-1: Swinging Strike 1-2: Ball 2-2: Ball 3-2: Strikes out swinging
|
Batting: RHB Matt Tittle
|
0-0: Called Strike 0-1: Ball 1-1: Ball 2-1: Foul Ball, location: 2F 2-2: Ground out 5-3 (Groundball, 56S, EV 61.2 MPH)
|
Bottom of the 5th over - 1 run, 2 hits, 0 errors, 1 left on base; State College 8 - Brooklyn 5 |
TOP OF THE 6TH |
State College Spikes batting - Pitching for Brooklyn Cyclones : RHP Todd Cox
|
Now at 1B: Salvador Gomez
|
|
Batting: RHB Tim Cleary
|
0-0: Called Strike 0-1: Swinging Strike 0-2: Strikes out swinging
|
Batting: RHB Ricky Yerzy
|
0-0: Ball 1-0: Foul Ball, location: 2F 1-1: Foul Ball, location: 2F 1-2: Ground out 5-3 (Groundball, 56S, EV 85.6 MPH)
|
Batting: RHB Pat Scaturro
|
0-0: Ground out 5-3 (Groundball, 5, EV 90.6 MPH)
|
Top of the 6th over - 0 runs, 0 hits, 0 errors, 0 left on base; State College 8 - Brooklyn 5 |
BOTTOM OF THE 6TH |
Brooklyn Cyclones batting - Pitching for State College Spikes : RHP Ricky Yerzy
|
Pitching: LHP Jake Hall
|
|
Batting: SHB Ryan Brown
|
0-0: Swinging Strike 0-1: DOUBLE (Groundball, 5L, EV 99.4 MPH)
|
Batting: RHB Roberto Delgado
|
0-0: Ball 1-0: Ball 2-0: Called Strike 2-1: Foul Ball, location: 2F 2-2: Strikes out swinging
|
Batting: RHB Tom Primmer
|
0-0: Ball 1-0: Called Strike 1-1: Swinging Strike 1-2: Strikes out looking
|
Batting: RHB Trent Hood
|
0-0: Ball Passed Ball! Ryan Brown to third 1-0: Ball 2-0: Ball 3-0: Called Strike 3-1: Swinging Strike 3-2: Foul Ball, location: 2F 3-2: Base on Balls
|
Pinch Hitting: RHB Jayden Copeland
|
0-0: Called Strike 0-1: Ball 1-1: Ball 2-1: Foul Ball, location: 2F 2-2: Ball 3-2: Base on Balls Trent Hood to second
|
Batting: RHB Jack Nickleberry
|
0-0: Ball 1-0: Ball 2-0: Called Strike 2-1: Ball 3-1: Fielders Choice at 2nd, 6-4 (Groundball, 56, EV 93.8 MPH)
|
Bottom of the 6th over - 0 runs, 1 hit, 0 errors, 3 left on base; State College 8 - Brooklyn 5 |
TOP OF THE 7TH |
State College Spikes batting - Pitching for Brooklyn Cyclones : RHP Todd Cox
|
Now at SS: Duri Chilemba
|
|
Batting: LHB Ken Morehead
|
0-0: Called Strike 0-1: Ball 1-1: Called Strike 1-2: Strikes out swinging
|
Batting: RHB Sam Daw
|
0-0: Fly out, F8 (Flyball, 8RD, EV 98.8 MPH)
|
Batting: RHB Chris Norris
|
0-0: Ground out 5-3 (Groundball, 56, EV 76.2 MPH)
|
Top of the 7th over - 0 runs, 0 hits, 0 errors, 0 left on base; State College 8 - Brooklyn 5 |
BOTTOM OF THE 7TH |
Brooklyn Cyclones batting - Pitching for State College Spikes : LHP Jake Hall
|
Batting: SHB Salvador Gomez
|
0-0: Called Strike 0-1: Swinging Strike 0-2: Strikes out swinging
|
Batting: RHB Frank Shaw
|
0-0: Ball 1-0: Called Strike 1-1: Ball 2-1: Ground out 5-3 (Groundball, 56, EV 85.0 MPH)
|
Batting: RHB Matt Tittle
|
0-0: Called Strike 0-1: Ball 1-1: Swinging Strike 1-2: Foul Ball, location: 2F 1-2: Ball 2-2: Strikes out looking
|
Bottom of the 7th over - 0 runs, 0 hits, 0 errors, 0 left on base; State College 8 - Brooklyn 5 |
TOP OF THE 8TH |
State College Spikes batting - Pitching for Brooklyn Cyclones : RHP Todd Cox
|
Batting: SHB Bobby Mercado
|
0-0: Ball 1-0: Called Strike 1-1: Ball 2-1: Swinging Strike 2-2: Strikes out swinging
|
Batting: LHB Ken Compton
|
0-0: Ball 1-0: DOUBLE (Line Drive, 8RD, EV 108.1 MPH)
|
Batting: RHB Ben Politi
|
0-0: Intentional Walk
|
Batting: RHB Tim Cleary
|
0-0: Ball Wild Pitch! Ken Compton to third Ben Politi to second 1-0: Swinging Strike 1-1: Swinging Strike 1-2: Strikes out looking
|
Batting: RHB Ricky Yerzy
|
0-0: Ball 1-0: DOUBLE (Line Drive, 9LM, EV 104.4 MPH) Ken Compton scores Ben Politi scores
|
Batting: RHB Pat Scaturro
|
0-0: Ball 1-0: Called Strike 1-1: Called Strike 1-2: SINGLE (Line Drive, 8LS, EV 88.8 MPH) Ricky Yerzy to third Runner from 3rd tries for Home, SAFE, throw by CF to home
|
Pitching: RHP Rob Fennell
|
|
Batting: LHB Ken Morehead
|
0-0: Called Strike 0-1: Foul Ball, location: 2F 0-2: Foul Ball, location: 2F 0-2: Ball 1-2: Fly out, F9 (Flyball, 9D, EV 108.1 MPH)
|
Top of the 8th over - 3 runs, 3 hits, 0 errors, 1 left on base; State College 11 - Brooklyn 5 |
BOTTOM OF THE 8TH |
Brooklyn Cyclones batting - Pitching for State College Spikes : LHP Jake Hall
|
Batting: SHB Ryan Brown
|
0-0: Called Strike 0-1: Foul Ball, location: 2F 0-2: Foul Ball, location: 2F 0-2: Strikes out looking
|
Batting: RHB Roberto Delgado
|
0-0: Fly out, F7 (Flyball, 7, EV 98.8 MPH)
|
Batting: RHB Tom Primmer
|
0-0: Called Strike 0-1: SOLO HOME RUN (Flyball, 78XD, EV 102.5 MPH), Distance : 428 ft
|
Batting: RHB Trent Hood
|
0-0: Ball 1-0: Called Strike 1-1: Ball 2-1: Ground out U3 (Groundball, 3, EV 90.0 MPH)
|
Bottom of the 8th over - 1 run, 1 hit, 0 errors, 0 left on base; State College 11 - Brooklyn 6 |
TOP OF THE 9TH |
State College Spikes batting - Pitching for Brooklyn Cyclones : RHP Rob Fennell
|
Batting: RHB Sam Daw
|
0-0: Ball 1-0: Ball 2-0: Ball 3-0: Base on Balls
|
Batting: RHB Chris Norris
|
0-0: Ball 1-0: Ball 2-0: Ball Wild Pitch! Sam Daw to second 3-0: Intentional Walk
|
Batting: SHB Bobby Mercado
|
0-0: Bunt - Flyout to 25! F5
|
Pitching: RHP Felipe Hinojosa
|
|
Batting: LHB Ken Compton
|
0-0: Ball 1-0: Foul Ball, location: 2F 1-1: Ball 2-1: DOUBLE (Flyball, 7LD, EV 101.9 MPH) Sam Daw scores Chris Norris to third Runner from 3rd tries for Home, SAFE, no throw by LF
|
Batting: RHB Ben Politi
|
0-0: Ball 1-0: Ground out 6-3 (Groundball, 6, EV 82.5 MPH) Ken Compton to third
|
Pinch Hitting: RHB Nick Latulippe
|
0-0: Ball 1-0: Called Strike 1-1: Ball 2-1: Called Strike 2-2: Strikes out swinging
|
Top of the 9th over - 2 runs, 1 hit, 0 errors, 1 left on base; State College 13 - Brooklyn 6 |
BOTTOM OF THE 9TH |
Brooklyn Cyclones batting - Pitching for State College Spikes : LHP Jake Hall
|
Pitching: RHP Howie Seidler
|
|
Now at 3B: Nick Latulippe
|
|
Pinch Hitting: RHB Jamie Bass
|
0-0: SINGLE (Groundball, 4MD, EV 107.5 MPH)
|
Batting: RHB Jack Nickleberry
|
0-0: DOUBLE (Flyball, 89D, EV 101.2 MPH) Jamie Bass to third
|
Batting: SHB Salvador Gomez
|
0-0: Ball 1-0: Ball 2-0: Foul Ball, location: 2F 2-1: Called Strike 2-2: DOUBLE (Line Drive, 9LS, EV 98.8 MPH) Jamie Bass scores Jack Nickleberry scores
|
Batting: RHB Frank Shaw
|
0-0: Ball 1-0: Ball 2-0: Ground out 5-3 (Groundball, 56, EV 84.4 MPH)
|
Batting: RHB Matt Tittle
|
0-0: SINGLE (Groundball, 56D, EV 107.5 MPH) Salvador Gomez to third
|
Batting: SHB Ryan Brown
|
0-0: DOUBLE (Groundball, 5L, EV 103.1 MPH) Salvador Gomez scores Matt Tittle to third
|
Pitching: LHP Daniel Aguayo
|
|
Batting: RHB Darwin Mills
|
0-0: Ball 1-0: Ground out 1-3 (Groundball, 25, EV 69.4 MPH)
|
Batting: RHB Tom Primmer
|
0-0: Foul Ball, location: 2F 0-1: Ball 1-1: Foul Ball, location: 2F 1-2: Strikes out swinging
|
Bottom of the 9th over - 3 runs, 5 hits, 0 errors, 2 left on base; State College 13 - Brooklyn 9 |
|